 Dungeon Crawl Stone Soup version 0.17-a0-1554-g3b847ca (webtiles) character file.

12729 urechis the Destroyer (level 11, -8/62 HPs)
             Began as a Deep Elf Conjurer on July 19, 2015.
             Was an Elder of Vehumet.
             Mangled by a white ugly thing (17 damage)
             ... on level 12 of the Dungeon.
             The game lasted 01:06:39 (14338 turns).

urechis the Destroyer (Deep Elf Conjurer)          Turns: 14338, Time: 01:06:39

Health: -8/62      AC: 10    Str:  5    XL:     11   Next: 66%
Magic:  6/25       EV: 18    Int: 30    God:    Vehumet [****..]
Gold:   518        SH:  5    Dex: 21    Spells: 6 memorised, 8 levels left

rFire  + + .     SeeInvis .     b - +0 blowgun
rCold  . . .     Clarity  .     z - +2 robe {rF+}
rNeg   . . .     SustAt   .     y - +0 buckler
rPois  +         Gourm    .     L - +2 hat
rElec  .         Spirit   .     f - +1 cloak {rPois}
rCorr  +         Warding  .     C - +4 pair of gloves of Misanthropy {*Corrode rF+ Dex+6}
rMut   .         Stasis   .     K - +0 pair of boots
MR     +....                    s - amulet of resist corrosion
Stlth  ++........               v - +6 ring of intelligence
                                G - ring of invisibility

@: corroded equipment, somewhat resistant to hostile enchantments, unstealthy
A: no striking features
a: Renounce Religion, Evoke Invisibility


You were on level 12 of the Dungeon.
You worshipped Vehumet.
Vehumet was greatly pleased with you.
You were not hungry.

You visited 2 branches of the dungeon, and saw 13 of its levels.

You collected 680 gold pieces.
You spent 162 gold pieces at shops.

Inventory:

Hand weapons
 a - a +0 short sword of speed
 b - a +0 blowgun (weapon)
Missiles
 q - 84 poisoned needles (quivered)
Armour
 f - a +1 cloak of poison resistance (worn)
 y - a +0 buckler (worn)
 z - a +2 robe of fire resistance (worn)
 C - the +4 pair of gloves of Misanthropy (worn) {*Corrode rF+ Dex+6}
   (You found it on level 6 of the Dungeon)

   It affects your dexterity (+6).
   It protects you from fire.
   It may corrode your equipment when you take damage.
 K - a +0 pair of boots (worn)
 L - a +2 hat (worn)
 M - a +2 robe of cold resistance
Jewellery
 n - an uncursed ring of wizardry
 s - an amulet of resist corrosion (around neck)
 v - a +6 ring of intelligence (right hand)
 w - a +2 ring of slaying
 B - an uncursed ring of wizardry
 G - a ring of invisibility (left hand)
 R - an uncursed ring of sustain attributes
 T - an uncursed ring of protection from cold
Magical devices
 x - a wand of disintegration (8)
 F - a wand of random effects (17)
 H - a wand of disintegration (8)
Scrolls
 e - 3 scrolls of fog
 h - 4 scrolls of remove curse
 j - a scroll of amnesia
 k - 3 scrolls of teleportation
 o - a scroll of recharging
 I - a scroll of magic mapping {unknown}
 J - 2 scrolls of noise {unknown}
 O - 5 scrolls of blinking
 U - a scroll of torment {unknown}
Potions
 d - 4 potions of brilliance
 g - 3 potions of curing {unknown}
 i - 2 potions of ambrosia {unknown}
 l - 4 potions of heal wounds {unknown}
 m - 3 potions of might
 r - a potion of flight
 t - 2 potions of agility
 u - a potion of haste {unknown}
 A - a potion of invisibility {unknown}
 D - 2 potions of cancellation {unknown}
 E - 3 potions of poison {unknown}
 Q - 3 potions of lignification {unknown}
 S - a potion of beneficial mutation {unknown}
Books
 p - a book of Conjurations

   Spells                             Type                      Level
   a - Magic Dart                     Conjuration                  1
   b - Searing Ray                    Conjuration                  2
   c - Dazzling Spray                 Conjuration/Hexes            3
   d - Fulminant Prism                Conjuration/Hexes            4
   e - Iskenderun's Mystic Blast      Conjuration                  4
   f - Iskenderun's Battlesphere      Conjuration/Charms           5
 P - a Young Poisoner's Handbook

   Spells                             Type                      Level
   a - Sting                          Conjuration/Poison           1
   b - Cure Poison                    Poison                       2
   c - Mephitic Cloud                 Conjuration/Poison/Air       3
   d - Olgreb's Toxic Radiance        Poison                       4
   e - Venom Bolt                     Conjuration/Poison           5
 V - a book of Dreams

   Spells                             Type                      Level
   a - Ensorcelled Hibernation        Hexes/Ice                    2
   b - Phase Shift                    Translocation                5
   c - Shadow Creatures               Summoning                    5
   d - Silence                        Hexes/Air                    5
   e - Mass Confusion                 Hexes                        6
   f - Darkness                       Hexes                        7
Comestibles
 c - 2 bread rations
 N - a beef jerky


   Skills:
 + Level 4.5 Fighting
 + Level 7.3 Dodging
 - Level 2.4 Stealth
 - Level 1.0 Shields
 + Level 8.2 Spellcasting
 * Level 12.5 Conjurations
 - Level 11.0 Charms
 * Level 8.2 Fire Magic
 - Level 4.0 Evocations


You had 8 spell levels left.
You knew the following spells:

 Your Spells              Type           Power        Failure   Level  Hunger
a - Magic Dart            Conj           ####         1%          1    None
b - Iskenderun's Battles  Conj/Chrm      ######..     1%          5    ####...
c - Searing Ray           Conj           ######       1%          2    None
f - Ignite Poison         Fire/Trmt/Pois ####....     2%          3    None
h - Mephitic Cloud        Conj/Pois/Air  #####...     1%          3    None
i - Iskenderun's Mystic   Conj           ######..     1%          4    #......


Dungeon Overview and Level Annotations

Branches:
Dungeon (12/15)            Temple (1/1) D:4            Lair (0/8) D:9
    Orc (0/4) D:10

Altars:
Ashenzari
Cheibriados
Dithmenos
Elyvilon
Fedhas
Gozag
Kikubaaqudgha
Makhleb
Nemelex Xobeh
Okawaru
Qazlal
Ru
Sif Muna
Trog
Vehumet
Xom
Yredelemnul
Zin
The Shining One

Shops:
D:4 *   D:5 *   D:6 *   D:9 :


Message History

Aiming: Searing Ray
Press: ? - help, Shift-Dir - straight line, f/p - white ugly thing
Aim: a white ugly thing (heavily wounded)
The searing ray hits the white ugly thing.
The white ugly thing is heavily wounded.
The white ugly thing kicks you but does no damage.
The searing ray hits the white ugly thing.
The white ugly thing is heavily wounded.
The white ugly thing kicks you.
Your corrosive artefact corrodes you!
The white ugly thing freezes you!!
The searing ray misses the white ugly thing.
The white ugly thing barely misses you.
The searing ray hits the white ugly thing.
The white ugly thing is severely wounded.
The white ugly thing kicks you! The white ugly thing freezes you!
* * * LOW HITPOINT WARNING * * *
The white ugly thing kicks you.
* * * LOW HITPOINT WARNING * * *
The white ugly thing freezes you!
You die...

#.# #...†..#(..## ####
#.# #.....((....####...
#.# #.#.....†........#.
#.###.##.####.######...
#........# #.# ####
######.#### #.#
#.......# #+# #.####..#
#u@# # #....# ##
#...#.# ##. .........
.... #.....#.## ###.
#.......# #. ##.######
#. #. #. #+ #.


You could see a white ugly thing.

Vanquished Creatures
  2 hydras
  The ghost of mrath the Geomancer, an experienced GrEE of Vehumet (D:9)
  A hill giant (D:12)
  2 cyclopes
  2 ugly things (D:11)
  A fire drake (D:9)
  A kobold demonologist (D:12)
  A two-headed ogre (D:11)
  3 trolls
  Grum (D:8)
  A hippogriff (D:8)
  A hungry ghost (D:8)
  A steam dragon (D:11)
  2 wolves (D:8)
  A warg (D:10)
  4 water moccasins (D:6)
  A black bear (D:11)
  4 phantoms
  3 sky beasts
  3 orc warriors
  4 necrophages
  3 ice beasts
  7 ogres
  2 centaurs
  A big kobold (D:7)
  A gnoll sergeant (D:4)
  8 giant frogs
  2 scorpions
  10 wights
  An electric eel (D:9)
  3 crimson imps
  8 jellies
  2 giant frog skeletons
  A giant frog zombie (D:10)
  8 orc wizards
  9 orc priests
  6 hounds
  2 centaur skeletons
  2 gnoll shamans (D:4)
  4 iguanas
  9 worker ants
  2 quasits
  A hound zombie (D:6)
  2 worker ant zombies
  49 gnolls
  9 adders
  2 shadow imps
  3 oozes
  3 adder zombies
  A worm (D:8)
  37 orcs
  17 bats
  A bat skeleton (D:4)
  6 giant cockroaches
  8 goblins
  18 hobgoblins
  5 quokkas
  4 giant geckos
  A giant gecko zombie (D:8)
  15 giant newts
  20 jackals
  A jackal zombie (D:9)
  17 kobolds
  8 rats
  A fungus (D:1)
360 creatures vanquished.

Notes
Turn   | Place    | Note
--------------------------------------------------------------
     0 | D:1      | urechis the Deep Elf Conjurer began the quest for the Orb.
     0 | D:1      | Reached XP level 1. HP: 10/10 MP: 6/6
   205 | D:1      | Reached XP level 2. HP: 15/15 MP: 4/8
   261 | D:1      | Reached skill level 5 in Conjurations
  1375 | D:1      | Reached XP level 3. HP: 19/19 MP: 6/9
  1703 | D:2      | Found a shattered altar of Ashenzari.
  1901 | D:2      | Reached skill level 6 in Conjurations
  2660 | D:2      | Found a shattered altar of Ashenzari.
  3047 | D:3      | Reached XP level 4. HP: 24/24 MP: 5/10
  3700 | D:3      | Reached skill level 7 in Conjurations
  3700 | D:3      | Reached XP level 5. HP: 28/28 MP: 6/11
  3707 | D:3      | Learned a level 5 spell: Iskenderun's Battlesphere
  3786 | D:3      | Gained mutation: You occasionally shout uncontrollably at your foes. [potion of mutation]
  3786 | D:3      | Gained mutation: Your flesh is heat resistant. [potion of mutation]
  3786 | D:3      | Gained mutation: You have a pair of small antennae on your head. [potion of mutation]
  3787 | D:3      | Lost mutation: You occasionally shout uncontrollably at your foes. [potion of cure mutation]
  3787 | D:3      | Lost mutation: Your flesh is heat resistant. [potion of cure mutation]
  3787 | D:3      | Lost mutation: You have a pair of small antennae on your head. [potion of cure mutation]
  3793 | D:3      | Reached skill level 1 in Charms
  4340 | D:4      | Found an iron altar of Okawaru.
  4438 | D:4      | Found Ukigolos's Assorted Antiques.
  4782 | D:4      | Found a staircase to the Ecumenical Temple.
  4792 | Temple   | Entered the Ecumenical Temple
  4852 | Temple   | Became a worshipper of Vehumet
  4876 | D:4      | Noticed a phantom
  4880 | D:4      | Killed a phantom
  4880 | D:4      | Reached XP level 6. HP: 32/32 MP: 3/12
  4884 | D:4      | Learned a level 2 spell: Searing Ray
  4937 | D:4      | Found a shimmering altar of Xom.
  4937 | D:4      | Found a burning altar of Makhleb.
  5403 | D:4      | Found a glowing golden altar of the Shining One.
  5403 | D:4      | Found a white marble altar of Elyvilon.
  5404 | D:4      | Found a glowing silver altar of Zin.
  5462 | D:4      | Reached skill level 8 in Conjurations
  5462 | D:4      | Reached skill level 5 in Charms
  5615 | D:4      | Acquired Vehumet's first power
  5615 | D:4      | Offered knowledge of Sting by Vehumet.
  5616 | D:4      | Reached XP level 7. HP: 36/36 MP: 4/13
  5619 | D:4      | Learned a level 1 spell: Sting
  6378 | D:4      | Offered knowledge of Shock by Vehumet.
  6379 | D:4      | Reached skill level 9 in Conjurations
  6856 | D:4      | Reached XP level 8. HP: 41/41 MP: 6/14
  7093 | D:4      | Learned a level 1 spell: Shock
  7260 | D:5      | Entered Level 5 of the Dungeon
  7260 | D:5      | Found a blossoming altar of Fedhas.
  7263 | D:5      | Found a stormy altar of Qazlal.
  7285 | D:5      | Found a sparkling altar of Nemelex Xobeh.
  7286 | D:5      | Found an opulent altar of Gozag.
  7352 | D:5      | Found Yput's General Store.
  7412 | D:5      | Offered knowledge of Ignite Poison by Vehumet.
  7423 | D:5      | Learned a level 3 spell: Ignite Poison
  7470 | D:5      | Reached skill level 1 in Shields
  7678 | D:5      | Reached skill level 1 in Fighting
  7772 | D:5      | Reached skill level 1 in Fire Magic
  7796 | D:5      | Acquired Vehumet's second power
  8213 | D:6      | Reached skill level 10 in Conjurations
  8259 | D:6      | Found a sacrificial altar of Ru.
  8295 | D:6      | Got a pair of faintly glowing gloves
  8301 | D:6      | Identified the +4 pair of gloves of Misanthropy {*Corrode rF+ Dex+6} (You found it on level 6 of the Dungeon)
  8482 | D:6      | Offered knowledge of Conjure Flame by Vehumet.
  8531 | D:6      | Reached XP level 9. HP: 47/47 MP: 9/17
  8774 | D:6      | Found Apnipesch's Serpentskin Sales.
  8787 | D:6      | Reached skill level 5 in Spellcasting
  8947 | D:6      | Bought a +1 cloak of poison resistance for 162 gold pieces
  9142 | D:7      | Acquired Vehumet's third power
  9556 | D:7      | Reached skill level 5 in Dodging
  9698 | D:7      | Offered knowledge of Sticky Flame by Vehumet.
  9978 | D:7      | Reached skill level 1 in Evocations
 10132 | D:8      | Found a snail-covered altar of Cheibriados.
 10186 | D:8      | Reached skill level 5 in Fire Magic
 10196 | D:8      | Reached skill level 11 in Conjurations
 10367 | D:8      | Reached XP level 10. HP: 54/54 MP: 10/20
 10453 | D:8      | Noticed Grum
 10464 | D:8      | Killed Grum
 10655 | D:9      | Noticed mrath's ghost (experienced GrEE)
 10675 | D:9      | Killed mrath's ghost
 10675 | D:9      | Reached skill level 10 in Charms
 10733 | D:9      | Found Gedalur's Book Shoppe.
 11656 | D:9      | Found a staircase to the Lair.
 11675 | D:9      | Found a basalt altar of Yredelemnul.
 11676 | D:9      | Found a shadowy altar of Dithmenos.
 11962 | D:10     | Entered Level 10 of the Dungeon
 12046 | D:10     | Offered knowledge of Bolt of Draining by Vehumet.
 12560 | D:10     | Found a staircase to the Orcish Mines.
 12636 | D:10     | Reached XP level 11. HP: 40/60 MP: 19/24
 12954 | D:10     | Learned a level 5 spell: Bolt of Draining
 12973 | D:11     | Noticed a seven-headed hydra
 13568 | D:11     | Learned a level 3 spell: Mephitic Cloud
 13627 | D:11     | Reached skill level 12 in Conjurations
 13680 | D:11     | Killed a seven-headed hydra
 14034 | D:12     | Noticed a hill giant
 14039 | D:12     | Killed a hill giant
 14090 | D:12     | Learned a level 4 spell: Iskenderun's Mystic Blast
 14231 | D:12     | Noticed a five-headed hydra
 14236 | D:12     | Killed a five-headed hydra
 14338 | D:12     | Mangled by a white ugly thing

Vault maps used:
D:1:      dpeg_arrival_court, glass_columns_a, minmay_gold_behind_fungi,
          minmay_newt_pond
D:2:      lemuel_doored_altar
D:3:      lemuel_statue_altar
D:4:      lemuel_castle_with_subvaults, grunt_temple_overflow_champion_of_chaos,
          good_gods_temple_1, lemuel_crystal_altar,
          minmay_temple_entry_water_ring, serial_glass, glass_columns_a,
          glass_columns_b, serial_shops, shop, minivault_14,
          hangedman_decor_peaks_small
D:5:      grunt_temple_overflow_opulence,
          grunt_temple_overflow_forces_of_nature, first_bread, serial_shops,
          nicolae_shop_crystal
D:6:      nicolae_overflow_crystal_walls, guppyfry_shop_venom
D:8:      cheibrodos_worm_habitat, uniq_grum
D:9:      gammafunk_temple_overflow_statue, minmay_lair_entry_lava,
          serial_shops, shop, kennysheep_diamond
D:10:     erik_orc_4
Temple:   nicolae_temple_hex_pool_5

Action                   |  1- 3 |  4- 6 |  7- 9 | 10-12 || total
-------------------------+-------+-------+-------+-------++-------
Melee: Dagger            |    41 |       |       |       ||    41
       Short sword       |     7 |       |    12 |       ||    19
       Blowgun           |       |       |     4 |       ||     4
       Flail             |       |       |     3 |       ||     3
 Fire: Blowgun           |       |     2 |    16 |     9 ||    27
 Cast: Magic Dart        |   101 |   143 |   270 |   195 ||   709
       Iskenderun's Batt |       |     5 |    34 |    28 ||    67
       Searing Ray       |       |       |    28 |    26 ||    54
       Ignite Poison     |       |       |     1 |       ||     1
  Use: Scroll            |       |    13 |       |     7 ||    20
       Potion            |       |     2 |       |       ||     2
 Stab: Sleeping          |       |       |     1 |     2 ||     3
  Eat: Chunk             |     3 |     4 |    21 |     7 ||    35
       Fruit             |     3 |       |       |       ||     3
       Pizza             |       |     1 |       |       ||     1
       Meat ration       |       |     1 |       |       ||     1
       Beef jerky        |       |       |     2 |     1 ||     3
       Bread ration      |       |       |       |     2 ||     2
